Map: Cerulean Fall LE

Players

Grimreaper - Winner!

  • Race: Protoss Protoss
  • Spawn Location: 7:00

VOD

Have the link to the VOD?

Description

Time

  • Played on: Jan. 20, 2019, 9:43 p.m.
  • Length: 20:43
Show
View Real Time Build Order
Export as new Build Order

Grimreaper Protoss - Winner!

Build Orders:  

Get SALT Encoding   

  12  0:16  Probe (Chrono Boost)  
  13  0:30  Pylon  
  13  0:33  Probe (Chrono Boost)  
  15  0:50  Probe (Chrono Boost)  
  15  0:59  Gateway  
  15  1:07  Probe (Chrono Boost)  
  16  1:20  Gateway  
  16  1:24  Probe (Chrono Boost)  
  17  1:31  Assimilator  
  17  1:37  Assimilator  
  17  1:44  Probe (Chrono Boost)  
  18  1:57  Pylon  
  19  2:01  Probe (Chrono Boost)  
  19  2:19  Probe (Chrono Boost)  
  20  2:25  Zealot  
  20  2:26  Zealot  
  24  2:36  Probe (Chrono Boost)  
  24  2:38  Cybernetics Core  
  25  2:53  Probe (Chrono Boost)  
  27  3:10  Probe (Chrono Boost)  
  27  3:33  Stalker x2  
  31  3:57  Nexus  
  31  4:13  Pylon  
  31  4:27  Pylon  
  31  4:32  Pylon  
  31  4:37  Pylon  
  31  4:44  Probe (Chrono Boost)  
  32  4:54  Warp Gate  
  33  5:01  Probe (Chrono Boost)  
  33  5:18  Probe (Chrono Boost)  
  38  5:34  Probe (Chrono Boost)  
  40  5:42  Probe (Chrono Boost)  
  41  5:51  Probe (Chrono Boost)  
  41  5:52  Unknown  
  41  5:53  Unknown  
  41  5:59  Probe (Chrono Boost)  
  42  6:00  Twilight Council  
  42  6:08  Probe (Chrono Boost)  
  43  6:16  Probe (Chrono Boost)  
  44  6:20  Forge  
  44  6:25  Probe (Chrono Boost)  
  45  6:33  Probe (Chrono Boost)  
  45  6:39  Stalker  
  48  6:40  Stalker  
  48  6:42  Probe (Chrono Boost)  
  48  6:43  Protoss Ground Weapons Level 1  
  52  6:50  Gateway, Probe (Chrono Boost)  
  52  7:04  Gateway  
  52  7:07  Probe (Chrono Boost)  
  53  7:19  Gateway  
  53  7:23  Sentry  
  53  7:24  Probe (Chrono Boost)  
  53  7:25  Sentry  
  59  7:40  Probe (Chrono Boost)  
  59  7:44  Gateway  
  59  7:48  Gateway  
  59  7:57  Forge  
  59  8:07  Stalker  
  59  8:08  Stalker x2  
  65  8:30  Protoss Shields Level 1  
  65  8:32  Stalker  
  68  8:41  Probe (Chrono Boost)  
  68  9:02  Adept  
  68  9:03  Adept x2  
  68  9:04  Adept  
  76  9:15  Unknown  
  76  9:16  Assimilator  
  76  9:21  Assimilator  
  76  9:27  Photon Cannon  
  76  9:29  Photon Cannon  
  76  9:36  Photon Cannon  
  76  10:00  Nexus  
  76  10:04  Pylon  
  76  10:08  Pylon  
  76  10:13  Pylon  
  77  10:21  Probe (Chrono Boost)  
  77  10:25  Probe (Chrono Boost)  
  78  10:35  Charge  
  78  10:38  Probe (Chrono Boost)  
  80  10:42  Probe (Chrono Boost)  
  80  10:53  Stalker  
  80  10:54  Stalker x4  
  80  10:55  Stalker x2, Probe (Chrono Boost)  
  80  10:58  Probe (Chrono Boost)  
  96  11:08  Robotics Facility  
  96  11:16  Robotics Facility  
  96  11:25  Assimilator  
  97  11:30  Probe (Chrono Boost)  
  97  11:31  Assimilator  
  97  11:39  Probe (Chrono Boost)  
  98  11:47  Probe (Chrono Boost)  
  99  11:54  Pylon  
  99  11:55  Probe (Chrono Boost)  
  99  11:59  Pylon  
  100  12:03  Pylon  
  100  12:04  Probe (Chrono Boost)  
  100  12:05  Probe (Chrono Boost)  
  102  12:12  Probe (Chrono Boost)  
  102  12:17  Immortal  
  108  12:21  Probe (Chrono Boost)  
  108  12:22  Probe (Chrono Boost)  
  108  12:27  Immortal  
  108  12:29  Probe (Chrono Boost)  
  114  12:38  Probe (Chrono Boost)  
  114  12:39  Probe (Chrono Boost)  
  116  12:46  Probe (Chrono Boost)  
  117  12:55  Probe (Chrono Boost)  
  117  12:57  Probe (Chrono Boost)  
  119  13:02  Robotics Facility  
  119  13:04  Robotics Facility  
  119  13:12  Probe (Chrono Boost)  
  121  13:25  Blink  
  96  13:48  Stalker x4  
  96  13:49  Stalker x3  
  90  14:17  Immortal x3  
  90  14:18  Immortal  
  90  16:33  Adept x4  
  90  16:34  Adept x3  
  104  16:41  Immortal x4  
  104  16:48  Robotics Bay  
  120  16:58  Protoss Ground Weapons Level 2  
  120  16:59  Protoss Shields Level 2  
  118  17:56  Pylon  
  118  18:08  Observer  
  118  18:09  Colossus x2  
  110  18:10  Immortal  
  135  18:22  Zealot x4  
  135  18:23  Zealot x3  
  135  18:26  Pylon  
  149  18:30  Pylon  
  150  19:00  Probe (Chrono Boost)  
  150  19:10  Nexus  
  150  19:14  Sentry  
  150  19:15  Sentry  
  150  19:16  Sentry  
  150  19:19  Adept x3  
  162  19:20  Adept  
  162  19:29  Nexus  
Tags
 
Add a new tag
Caveats
  • Supply blocks, unpowered buildings, or Contaminate may cause inaccurate times.
  • Supply counts are checked every 10 seconds.